Map: White Rabbit LE

Players

HeroMarine - Winner!

  • Race: Terran Terran
  • Spawn Location: 7:00

Elazer

  • Race: Zerg Zerg
  • League: Master
  • Spawn Location: 1:00

VOD

Have the link to the VOD?

Description

Time

  • Played on: Jan. 31, 2026, 7:27 a.m.
  • Length: 8:23
Show
View Real Time Build Order
Export as new Build Order

HeroMarine Terran - Winner!

Build Orders: Reaper Expand 

Get SALT Encoding   

  12  0:00  SCV  
  13  0:12  SCV  
  14  0:16  Supply Depot  
  14  0:24  SCV  
  15  0:38  SCV  
  15  0:39  Barracks  
  16  0:43  Refinery  
  16  0:50  SCV  
  17  1:02  SCV  
  18  1:14  SCV  
  19  1:26  Reaper, Orbital Command  
  20  1:38  Command Center  
  20  1:46  Supply Depot  
  20  1:52  SCV  
  21  1:58  Marine  
  22  2:04  SCV  
  23  2:09  Factory  
  23  2:16  SCV  
  23  2:21  Barracks Reactor  
  24  2:28  SCV  
  25  2:34  Command Center  
  25  2:40  SCV  
  26  2:51  Orbital Command  
  26  2:52  SCV  
  27  2:58  Starport  
  27  3:00  Marine x2  
  27  3:04  SCV  
  30  3:08  Refinery  
  30  3:09  Factory Tech Lab  
  30  3:16  SCV  
  30  3:17  Marine  
  30  3:18  Marine  
  33  3:20  SCV  
  34  3:28  SCV  
  34  3:32  SCV  
  36  3:35  Marine  
  36  3:36  Marine  
  36  3:41  SCV  
  39  3:42  Banshee  
  39  3:44  SCV  
  39  3:47  Orbital Command  
  43  3:53  SCV, Marine  
  43  3:54  Marine  
  46  3:56  SCV  
  47  4:04  Cloaking Field  
  47  4:05  SCV  
  47  4:07  Supply Depot  
  47  4:08  SCV  
  49  4:10  Factory Tech Lab  
  49  4:11  Marine x2  
  49  4:14  SCV  
  52  4:17  SCV  
  52  4:20  SCV  
  52  4:21  Refinery  
  52  4:22  Refinery  
  53  4:26  SCV  
  53  4:29  SCV, Siege Tank  
  53  4:30  Marine x2  
  60  4:32  Barracks  
  60  4:33  SCV  
  60  4:34  Supply Depot  
  61  4:38  SCV  
  61  4:41  SCV  
  61  4:42  Banshee  
  61  4:45  SCV  
  67  4:48  Supply Depot, Marine x2  
  69  4:54  Bunker  
  69  4:55  Barracks  
  69  4:56  SCV  
  69  4:59  SCV  
  71  5:00  SCV  
  71  5:02  Siege Tank  
  75  5:07  Marine  
  75  5:08  SCV  
  75  5:09  Marine  
  75  5:11  Supply Depot, SCV  
  75  5:12  SCV  
  81  5:25  Marine  
  81  5:27  Marine, Engineering Bay  
  82  5:28  Engineering Bay  
  82  5:32  SCV x2  
  82  5:33  SCV  
  83  5:40  Orbital Command  
  83  5:41  Siege Tank  
  70  5:43  Marine  
  70  5:44  SCV  
  70  5:45  SCV, Marine  
  70  5:50  Barracks Tech Lab  
  70  5:54  Stimpack  
  70  5:55  Marauder  
  74  5:58  Starport Reactor  
  74  6:01  Marine  
  74  6:03  Marine, Barracks  
  74  6:05  Barracks  
  74  6:09  Missile Turret, SCV  
  74  6:10  SCV  
  76  6:12  Marauder  
  76  6:16  Marauder  
  76  6:17  Terran Infantry Weapons Level 1, Terran Infantry Armor Level 1  
  76  6:18  Supply Depot x2  
  80  6:19  Marine  
  80  6:23  SCV x2  
  81  6:27  Marine  
  81  6:32  Orbital Command  
  78  6:33  Marauder  
  78  6:38  Marauder  
  78  6:39  Siege Tank, Marine  
  85  6:41  Medivac  
  85  6:42  Medivac  
  85  6:45  Marine  
  87  6:54  Marine  
  87  6:55  Marine, Marauder  
  87  6:57  Marine  
  87  6:59  Marauder  
  88  7:03  Marine  
  86  7:11  Siege Tank  
  86  7:12  Marine  
  86  7:13  Marine  
  86  7:14  Marine  
  92  7:16  Marauder  
  92  7:18  Supply Depot  
  92  7:19  Supply Depot  
  92  7:20  Marine  
  92  7:21  Marine  
  93  7:28  Medivac  
  92  7:30  Marine  
  92  7:36  Marine  
  92  7:37  Marine, Medivac  
  93  7:38  Marauder x2  
  93  7:39  Marine  
  93  7:43  SCV x3, Siege Tank  
  105  7:48  Marine  
  100  7:54  Marine x2  
  100  7:55  SCV x3  
  100  7:57  Marine  
  101  7:59  Marauder  
  101  8:00  Marauder  
  92  8:07  SCV x3  
Show
View Real Time Build Order
Export as new Build Order

Elazer Zerg 

Build Orders: Hatch First 

Get SALT Encoding   

  12  0:00  Drone  
  13  0:07  Drone  
  14  0:14  Extractor, Drone  
  15  0:35  Hatchery  
  14  0:39  Extractor  
  14  0:40  Drone  
  15  0:46  Overlord  
  15  1:01  Spawning Pool  
  14  1:05  Drone  
  14  1:08  Drone  
  16  1:12  Drone  
  16  1:17  Drone  
  18  1:19  Extractor  
  17  1:26  Drone  
  18  1:37  Drone  
  19  1:47  Queen x2  
  19  1:50  Drone  
  19  1:53  Drone  
  25  1:58  Drone  
  25  2:00  Drone  
  27  2:09  Drone, Overlord  
  28  2:23  Lair  
  28  2:29  Queen  
  30  2:30  Drone  
  30  2:32  Drone  
  30  2:37  Overlord  
  32  2:40  Drone  
  33  2:45  Drone x2  
  35  2:54  Drone  
  35  2:55  Drone  
  35  2:57  Drone x3  
  40  3:02  Roach Warren  
  39  3:06  Pneumatized Carapace  
  39  3:11  Overlord  
  39  3:13  Drone  
  39  3:15  Drone  
  39  3:19  Extractor  
  40  3:20  Overseer  
  40  3:23  Drone  
  42  3:27  Drone x3  
  42  3:29  Drone  
  42  3:30  Drone x2  
  42  3:33  Drone  
  48  3:38  Drone x2  
  48  3:41  Extractor  
  49  3:42  Extractor  
  49  3:47  Overlord  
  48  3:54  Overlord  
  48  3:57  Roach  
  48  3:59  Hatchery  
  48  4:01  Roach  
  48  4:02  Overlord  
  51  4:08  Overlord x2  
  51  4:12  Overlord  
  51  4:20  Roach x3  
  57  4:26  Roach x2  
  57  4:30  Roach x2  
  65  4:33  Roach  
  65  4:36  Roach  
  69  4:40  Roach  
  69  4:42  Roach  
  73  4:47  Roach x2  
  73  4:48  Ravager x2  
  73  4:49  Ravager  
  80  4:56  Ravager  
  80  4:57  Roach  
  80  4:59  Overlord  
  83  5:01  Roach x2  
  87  5:07  Queen  
  87  5:10  Ravager  
  90  5:24  Roach x6  
  98  5:38  Roach x4  
  86  5:46  Overseer  
  82  5:51  Roach  
  82  5:52  Roach  
  82  5:56  Ravager  
  85  6:00  Ravager x2  
  85  6:03  Roach  
  89  6:05  Queen  
  89  6:06  Overlord  
  74  6:33  Ravager  
  74  6:35  Ravager  
  74  6:36  Roach x8  
  92  6:42  Roach x3  
  98  6:52  Ravager  
  93  7:02  Roach x5  
  101  7:12  Roach x4  
  109  7:16  Queen x2  
  113  7:23  Overlord x2  
  113  7:32  Ravager  
  113  7:33  Overlord  
  114  7:42  Roach x6  
  103  7:59  Roach x8  
Tags
 
Add a new tag
Caveats
  • Supply blocks, unpowered buildings, or Contaminate may cause inaccurate times.
  • Supply counts are checked every 10 seconds.